 Dungeon Crawl Stone Soup version 0.21.1-1-g345015f (webtiles) character file.

646 Reldio the Ducker (level 7, -2/44 HPs)
             Began as a Kobold Hunter on Feb 15, 2018.
             Splashed by Ijyb's acid (15 damage)
             ... on level 5 of the Dungeon.
             The game lasted 00:36:11 (6573 turns).

Reldio the Ducker (Kobold Hunter)                   Turns: 6573, Time: 00:36:13

Health: -2/44      AC:  2    Str: 10    XL:     7   Next: 82%
Magic:  7/7        EV: 20    Int: 12    God:
Gold:   232        SH:  0    Dex: 17    Spells: 6/6 levels left

rFire    . . .     SeeInvis .   a - +1 hand crossbow
rCold    . . .     Gourm    .   (shield restricted)
rNeg     . . .     Faith    .   c - +0 leather armour
rPois    .         Spirit   .   (no helmet)
rElec    .         Reflect  .   i - +2 cloak
rCorr    .         Harm     .   (no gloves)
MR       .....                  (no boots)
Stlth    +++.......             (no amulet)
HPRegen  0.14/turn              h - +3 ring of evasion
MPRegen  0.10/turn              l - ring of wizardry

@: corroded
A: small, carnivore
a: no special abilities


You were on level 5 of the Dungeon.
You were not hungry.

You visited 1 branch of the dungeon, and saw 5 of its levels.

You collected 232 gold pieces.

Inventory:

Hand Weapons
 a - a +1 hand crossbow (weapon)
 b - a +0 short sword
Missiles
 d - 61 bolts (quivered)
Armour
 c - a +0 leather armour (worn)
 i - a +2 cloak (worn)
Jewellery
 h - a +3 ring of evasion (left hand)
 l - a ring of wizardry (right hand)
 n - a +3 ring of evasion
 r - an uncursed amulet of harm {unknown}
Wands
 g - a wand of clouds (8)
Scrolls
 e - 3 scrolls of identify {unknown}
 j - 3 scrolls of remove curse
 m - a scroll of blinking {unknown}
 o - a scroll of teleportation
 s - a scroll of enchant weapon {unknown}
 t - a scroll of fear {unknown}
 u - a scroll of amnesia
Potions
 k - 2 potions of flight
 p - 2 potions of heal wounds {unknown}
 q - a potion of mutation {unknown}
Comestibles
 f - 6 rations


   Skills:
 - Level 4.8 Fighting
 + Level 5.0 Short Blades
 + Level 5.0 Crossbows
 + Level 5.5 Dodging
 + Level 4.8 Stealth


You had 6 spell levels left.
You didn't know any spells.

Dungeon Overview and Level Annotations

Branches:
Dungeon (5/15)
 Temple: D:4-7

Altars:
Dithmenos
Elyvilon
Sif Muna
Wu Jian

Annotations:
D:4 Dowan
D:5 Grinder, Ijyb


Innate Abilities, Weirdness & Mutations

You are small and have problems with some larger weapons.
You are carnivorous and can eat meat at any time.


Message History

u - a scroll of amnesia You open the door.
A hound and Ijyb come into view.
Ijyb shouts!
The hound barks!
There is an open door here.
Press: ? - help, v - describe, . - travel An open door.
Wield which item (- for none, * to show all)? (? for menu, Esc to quit)
a - a +1 hand crossbow (weapon)
Firing (i - inventory):
d - 62 bolts (quivered)
Press: ? - help, Shift-Dir - straight line, f - Ijyb
Aim: Ijyb, wielding a club and wearing a leather armour You shoot a bolt.
The bolt barely misses Ijyb.
The bolt hits the hound but does no damage.
Ijyb zaps a wand.
The bolt of acid hits you! The acid corrodes you!
You are splashed with acid!
The acid burns!
It is a wand of acid (8).
Ijyb zaps a wand.
The bolt of acid hits you!
* * * LOW HITPOINT WARNING * * *
You are splashed with acid!
The acid burns!
You die...

#........# #.#.####.#
#.#.## #># ##+# #.#..#
#.# #...# #.##.# #.#
.....# ##.##.###.#
......# ##.........#
.......####...##.#####
......hg@........#
.......####...#.##
......# ##.##.# .....#
####.# #...# #.# ...#
#.# ##. #.# # #.# #.#


You could see Ijyb and a hound.

Vanquished Creatures
  An ice beast (D:2)
  A crimson imp (D:4)
  A bullfrog skeleton (D:5)
  3 orc priests
  4 orc wizards
  2 iguanas (D:4)
  4 worker ants
  4 adders
  An ooze (D:3)
  An adder skeleton (D:4)
  3 worms
  A dart slug (D:1)
  2 leopard geckos (D:4)
  15 orcs
  6 bats
  10 giant cockroaches
  11 goblins
  9 hobgoblins
  2 kobolds (D:1)
  A quokka (D:2)
  A ball python (D:1)
  2 frilled lizards
  A leopard gecko skeleton (D:5)
  10 rats
96 creatures vanquished.

Notes
Turn   | Place    | Note
-------+----------+-------------------------------------------
     0 | D:1      | Reldio the Kobold Hunter began the quest for the Orb.
     0 | D:1      | Reached XP level 1. HP: 12/12 MP: 1/1
    61 | D:1      | Reached skill level 1 in Short Blades
   103 | D:1      | Reached XP level 2. HP: 5/17 MP: 2/2
   691 | D:1      | Reached XP level 3. HP: 21/21 MP: 3/3
  1311 | D:2      | Found a shadowy altar of Dithmenos.
  1311 | D:2      | Found a white marble altar of Elyvilon.
  1311 | D:2      | Found a deep blue altar of Sif Muna.
  1311 | D:2      | Found an ornate altar of the Wu Jian Council.
  1980 | D:3      | Noticed an ice beast
  1989 | D:2      | Reached XP level 4. HP: 18/26 MP: 4/4
  2357 | D:3      | You fall through a shaft!
  2440 | D:4      | Reached XP level 5. HP: 12/30 MP: 5/5
  2705 | D:3      | Noticed an ogre
  2833 | D:2      | Killed an ice beast
  2833 | D:2      | Reached XP level 6. HP: 13/37 MP: 6/6
  4195 | D:3      | Reached XP level 7. HP: 42/42 MP: 7/7
  4853 | D:3      | Reached skill level 5 in Dodging
  5886 | D:4      | Noticed Dowan
  5990 | D:5      | Entered Level 5 of the Dungeon
  6170 | D:5      | Reached skill level 5 in Short Blades
  6207 | D:5      | Noticed Grinder
  6290 | D:5      | Reached skill level 5 in Crossbows
  6569 | D:5      | Noticed Ijyb
  6573 | D:5      | Splashed by Ijyb's acid

Skill      XL: |  1  2  3  4  5  6  7 |
---------------+----------------------+-----
Short Blades   | 1 2 3 4 5 |  5.0
Stealth        | 2 3 4 |  4.8
Dodging        | 3 4 5 |  5.5
Fighting       | 3 4 |  4.8
Crossbows      | 5 |  5.0

Action                   |  1- 3 |  4- 6 |  7- 9 || total
-------------------------+-------+-------+-------++-------
Melee: Short sword       |   120 |   112 |    61 ||   293
 Fire: Hand crossbow     |     5 |    73 |    47 ||   125
  Use: Scroll            |       |     3 |     1 ||     4
       Potion            |       |     4 |       ||     4
 Stab: Sleeping          |     9 |     3 |     4 ||    16
       Distracted        |       |     1 |       ||     1
  Eat: Chunk             |     3 |    15 |     3 ||    21
Armor: Leather armour    |    33 |    36 |     6 ||    75
Dodge: Dodged            |    77 |   162 |    60 ||   299
